 Dungeon Crawl Stone Soup version 0.14-b1-49-gc72db44 (webtiles) character file.

146 Iskender the Sneak (level 3, -1/18 HPs)
             Began as a Felid Chaos Knight on Apr 9, 2014.
             Was a Plaything of Xom.
             Slain by an adder (4 damage)
             ... on Level 3 of the Dungeon.
             The game lasted 00:13:03 (2329 turns).

Iskender the Sneak (Felid Chaos Knight)             Turns: 2329, Time: 00:13:04

HP  -1/18        AC  1     Str  8      XL: 3   Next: 26%
MP   5/5         EV 18     Int 14      God: Xom
Gold 107         SH  0     Dex 15      Spells:  0 memorised,  2 levels left
Lives: 0, deaths: 1

rFire  . . .     SeeInvis +       - Unarmed
rCold  . . .     Clarity  .     (armour unavailable)
rNeg   . . .     Conserve .     (shield unavailable)
rPois  .         rCorr    .     (helmet unavailable)
rElec  .         rRot     .     (cloak unavailable)
SustAb . .       Spirit   .     (gloves unavailable)
rMut   .         Warding  .     (boots unavailable)
Saprov . . .     Stasis   .     (no amulet)
MR     .....                    (no ring)
                                (no ring)

@: lethally poisoned, quick, not resistant to hostile enchantments, quite
stealthy
A: paw claws, no armour, no weapons or thrown items, fangs 3, see invisible,
carnivore 3, speed 1, shaggy fur 1, slow metabolism 1, jump 1
a: Jump Attack, Renounce Religion


You were on level 3 of the Dungeon.
You worshipped Xom.
You were a plaything of Xom.
You were full.

You visited 1 branch of the dungeon, and saw 3 of its levels.

You collected 107 gold pieces.

Inventory:

Comestibles
 c - 3 meat rations
Scrolls
 a - 2 scrolls of identify {unknown}
 d - a scroll of noise {unknown}
 g - a scroll of amnesia {unknown}
 i - a scroll of enchant weapon I {unknown}
 l - a scroll of remove curse {unknown}
 m - a scroll of enchant weapon II {unknown}
 n - 3 scrolls of blinking {unknown}
Potions
 b - a potion of haste {unknown}
 e - a potion of resistance {unknown}
 f - 3 potions of curing {unknown}
 h - 2 potions of paralysis {unknown}
 j - a potion of heal wounds {unknown}
 k - a potion of confusion {unknown}
 o - a potion of brilliance {unknown}


   Skills:
 - Level 4.0 Fighting
 - Level 3.2 Dodging
 + Level 4.3 Stealth
 - Level 3.0 Unarmed Combat


You had 2 spell levels left.
You didn't know any spells.

Dungeon Overview and Level Annotations

Branches:
Dungeon (3/15)

Altars:
Cheibriados


Innate Abilities, Weirdness & Mutations

You cannot wear armour.
You are incapable of wielding weapons or throwing items.
Your paws have sharp claws.
You have razor-sharp teeth.
You have supernaturally acute eyesight.
You are carnivorous and can eat meat at any time.
You cover ground quickly.
You are covered in fur (AC +1).
You have a slow metabolism.
You can jump attack at a short distance.


Message History

You scratch the adder but do no damage.
The adder is almost dead.
The adder is no longer bleeding.
The adder completely misses you. The adder misses you.
You barely miss the adder.
The adder is almost dead.
You feel sick. The adder misses you.
You completely miss the adder.
The adder is almost dead.
The adder bites you.
* * * LOW HITPOINT WARNING * * *
You miss the adder.
The adder is almost dead.
The adder bites you.
* * * LOW HITPOINT WARNING * * *
You closely miss the adder.
The adder is almost dead.
* * * LOW HITPOINT WARNING * * *
You feel sick. The adder bites you.
You die...

. #.# #.# #.#. #.#.# #
#.#.# #.##### #.#.#
###.#...###########.#.#
#....S@................
#.###.#.#.##.######<#.#
#.#.#.##.########.#
#.#.#.##...........
#.#.#.###########..
#.#.#.#############
#.#.#..............
#.#................
#.#################


You could see an adder.

Vanquished Creatures
  2 adders (D:2)
  A worm (D:2)
  3 giant geckos
  A ball python (D:1)
  4 giant cockroaches
  6 goblins
  8 hobgoblins
  4 kobolds (D:1)
  7 bats
  11 giant newts
  8 rats
55 creatures vanquished.

Notes
Turn   | Place    | Note
--------------------------------------------------------------
     0 | D:1      | Iskender, the Felid Chaos Knight, began the quest for the Orb.
     0 | D:1      | Reached XP level 1. HP: 10/10 MP: 2/2
    36 | D:1      | Reached skill level 1 in Stealth
   202 | D:1      | Reached XP level 2. HP: 14/14 MP: 3/3
   527 | D:1      | Reached skill level 4 in Stealth
   527 | D:1      | Reached XP level 3. HP: 10/17 MP: 5/5
   606 | D:1      | XOM: divination: magic mapping
   731 | D:1      | XOM: colour smoke trail
   767 | D:1      | XOM: vitrification
   902 | D:1      | XOM is BORED!
   902 | D:1      | XOM: medium Necr miscast
  1782 | D:2      | XOM: 5-stop teleportation journey
  1832 | D:2      | XOM: silly message
  1883 | D:2      | Reached XP level 4. HP: 14/22 MP: 7/7
  2163 | D:2      | XOM is BORED!
  2163 | D:2      | XOM: medium Ice miscast
  2163 | D:2      | Killed by the capriciousness of Xom
  2164 | D:2      | Reached XP level 3. HP: 6/18 MP: 5/5
  2204 | D:2      | Found a snail-covered altar of Cheibriados.
  2329 | D:3      | Slain by an adder

Action                   |  1- 3 |  4- 6 || total
-------------------------+-------+-------++-------
Melee: Unarmed           |   139 |     9 ||   148
 Stab: Sleeping          |     8 |       ||     8
